 Dungeon Crawl Stone Soup version 0.22-a0-348-gd16d1391c7 (webtiles) character file.

2092 Laan the Destroyer (level 9, -3/45 HPs)
             Began as a Deep Elf Fire Elementalist on Apr 12, 2018.
             Was an Initiate of Vehumet.
             Slain by a troll (7 damage)
             ... on level 9 of the Dungeon.
             The game lasted 00:14:15 (6648 turns).

Laan the Destroyer (Deep Elf Fire Elementalist)     Turns: 6648, Time: 00:14:15

Health: -3/45      AC:  6    Str:  5    XL:     9   Next: 6%
Magic:  22/23      EV: 13    Int: 24    God:    Vehumet [......]
Gold:   386        SH:  0    Dex: 15    Spells: 11/24 levels left

rFire    + . .     SeeInvis .   l - staff of conjuration
rCold    . . .     Gourm    .   (no shield)
rNeg     . . .     Faith    .   a - +0 robe
rPois    .         Spirit   .   g - +0 helmet
rElec    .         Reflect  .   r - +0 cloak
rCorr    .         Harm     .   (no gloves)
MR       .....                  d - +1 pair of boots
Stlth    ++........             (no amulet)
HPRegen  0.15/turn              j - ring of fire
MPRegen  0.18/turn              A - ring of protection from cold

@: no status effects
A: no striking features
a: Renounce Religion


You were on level 9 of the Dungeon.
You worshipped Vehumet.
Vehumet was noncommittal.
You were not hungry.

You visited 2 branches of the dungeon, and saw 9 of its levels.
You also visited: Ossuary.

You collected 386 gold pieces.

Inventory:

Hand Weapons
 f - a +0 hand axe
Armour
 a - a +0 robe (worn)
 d - a +1 pair of boots (worn)
 g - a +0 helmet (worn)
 r - a +0 cloak (worn)
Magical Staves
 l - an uncursed staff of conjuration (weapon)
Jewellery
 j - a ring of fire (left hand)
 s - a cursed ring of teleportation {unknown}
 v - a +3 ring of strength {unknown}
 A - a ring of protection from cold (right hand)
 D - an uncursed ring of protection from fire {unknown}
Scrolls
 e - 4 scrolls of amnesia
 h - a scroll of enchant armour
 i - a scroll of identify
 p - a scroll of magic mapping
 y - a scroll of remove curse
Potions
 b - a potion of flight {unknown}
 k - 2 potions of curing
 m - 2 potions of brilliance
 n - 2 potions of haste
 o - 2 potions of heal wounds
 u - a potion of magic {unknown}
 w - a potion of resistance {unknown}
 x - a potion of cancellation {unknown}
 z - 2 potions of agility {unknown}
 B - a potion of lignification {unknown}
Comestibles
 c - 6 rations


   Skills:
 - Level 2.4 Dodging
 - Level 2.4 Stealth
 + Level 8.3 Spellcasting
 * Level 9.3 Conjurations
 + Level 7.3 Fire Magic


You had 11 spell levels left.
You knew the following spells:

 Your Spells              Type           Power        Failure   Level  Hunger
a - Flame Tongue          Conj/Fire      #####        1%          1    None
b - Conjure Flame         Conj/Fire      #######.     1%          3    None
c - Sticky Flame          Conj/Fire      #######.     1%          4    ##.....
d - Fireball              Conj/Fire      #######...   5%          5    #####..


Dungeon Overview and Level Annotations

Branches:
Dungeon (10/15)            Temple (1/1) D:5
   Lair: D:8-11         Orc: D:9-12

Altars:
Ashenzari
Dithmenos
Elyvilon
Kikubaaqudgha
Makhleb
Nemelex Xobeh
Okawaru
Qazlal
Sif Muna
Trog
Vehumet
Wu Jian
Xom
Yredelemnul
Zin
The Shining One

Shops:
D:10 !

Annotations:
D:9 dricus's ghost, journeyman FoAK


Message History

The jelly quivers.
The troll shouts!
The ice beast hits you but does no damage.
You climb downwards.
A bullfrog, 6 killer bees and a sky beast come into view.
The killer bee buzzes angrily. x5; You hear a shout!
The bullfrog croaks.
The killer bee buzzes angrily.
Found Ogeomodgh's Distillery.
There is a stone staircase leading up here.
Okay, then.
The killer bee stings you but does no damage.
The killer bee barely misses you.
You climb upwards.
Level annotation: dricus's ghost, journeyman FoAK The ice beast hits you.
The ice beast freezes you!
* * * LOW HITPOINT WARNING * * *
The troll bites you!
* * * LOW HITPOINT WARNING * * *
The troll claws you!
You die...

...#.Z.#..# .....##..#
####....#..[
##..........# ### #.
#.....##.# ...
#.##..#.....#######
#T#..#..##..#......
.####.@Y..............#
.........).O.##........#
...........####.........
.#.......### #.........
...J...#.# #####.###.
.......... .....
..#+#...#. ..... .. ####
.. #.### #.


You could see a two-headed ogre, a troll, an ice beast, a jelly and a bullfrog
skeleton (wandering).

Vanquished Creatures
  Sigmund (D:5)
  A yak (D:9)
  The ghost of Perturabo the Covered, an amateur HOFi (D:4)
  Edmund (D:5)
  A black bear (D:6)
  A centaur (D:5)
  2 ogres
  The ghost of Edwin the Magician, an amateur GnWz (D:3)
  Blork the orc (D:5)
  4 bullfrogs
  An elf zombie (Ossuary)
  A scorpion (D:4)
  2 howler monkeys (D:5)
  3 centaur zombies (Ossuary)
  A bullfrog skeleton (D:6)
  2 human zombies (Ossuary)
  A hound (D:6)
  An orc priest (D:5)
  4 orc wizards
  2 worker ants
  2 big kobold zombies (Ossuary)
  A hound skeleton (D:5)
  3 mummies (Ossuary)
  A howler monkey skeleton (D:4)
  3 adders
  A shadow imp (D:5)
  An ooze (D:5)
  4 adder zombies
  2 adder skeletons
  4 worms
  2 leopard geckos
  9 orcs
  6 giant cockroaches
  A goblin (D:3)
  8 hobgoblins
  15 jackals
  2 quokkas (D:3)
  3 ball pythons
  2 bats
  7 frilled lizards
  2 gnoll zombies (Ossuary)
  4 goblin zombies (Ossuary)
  2 hobgoblin zombies (Ossuary)
  6 jackal zombies (Ossuary)
  3 kobolds
  2 kobold zombies (Ossuary)
  4 quokka zombies (Ossuary)
  2 rats
  5 rat zombies (Ossuary)
139 creatures vanquished.

Vanquished Creatures (others)
  A quokka (D:5)
1 creature vanquished.

Grand Total: 140 creatures vanquished

Notes
Turn   | Place    | Note
-------+----------+-------------------------------------------
     0 | D:1      | Laan the Deep Elf Fire Elementalist began the quest for the Orb.
     0 | D:1      | Reached XP level 1. HP: 10/10 MP: 6/6
   118 | D:1      | Reached XP level 2. HP: 12/15 MP: 0/8
   748 | D:2      | Reached skill level 2 in Conjurations
   924 | D:2      | Found a burning altar of Makhleb.
   924 | D:2      | Noticed a green death
  1159 | D:2      | Reached XP level 3. HP: 19/19 MP: 6/10
  1164 | D:2      | Learned a level 3 spell: Conjure Flame
  1211 | D:2      | Reached skill level 3 in Conjurations
  1575 | D:3      | Found an ornate altar of the Wu Jian Council.
  1612 | D:3      | Reached XP level 4. HP: 24/24 MP: 8/11
  1783 | D:3      | Noticed Edwin's ghost (amateur GnWz)
  1810 | D:3      | Killed Edwin's ghost
  1810 | D:3      | Reached skill level 4 in Conjurations
  1810 | D:3      | Reached XP level 5. HP: 14/28 MP: 2/13
  2188 | D:3      | Found a deep blue altar of Sif Muna.
  2390 | D:4      | Noticed Perturabo's ghost (amateur HOFi)
  2439 | D:4      | Reached XP level 6. HP: 30/32 MP: 10/15
  2512 | D:4      | Killed Perturabo's ghost
  2512 | D:4      | Reached skill level 5 in Spellcasting
  2512 | D:4      | Reached skill level 5 in Conjurations
  2571 | D:4      | Reached skill level 5 in Fire Magic
  3041 | D:4      | Reached XP level 7. HP: 36/36 MP: 7/17
  3322 | D:5      | Entered Level 5 of the Dungeon
  3337 | D:5      | Found a sand-covered staircase.
  3352 | Ossuary  | Entered an ossuary
  3547 | Ossuary  | Reached skill level 6 in Conjurations
  4475 | D:5      | Noticed Sigmund
  4582 | D:4      | Learned a level 4 spell: Sticky Flame
  4588 | D:4      | Learned a level 5 spell: Fireball
  4594 | D:5      | Killed Sigmund
  4594 | D:5      | Reached skill level 7 in Conjurations
  4594 | D:5      | Reached XP level 8. HP: 41/41 MP: 13/20
  4724 | D:5      | Found a white marble altar of Elyvilon.
  4741 | D:5      | Found an ancient bone altar of Kikubaaqudgha.
  4927 | D:5      | Found a basalt altar of Yredelemnul.
  4973 | D:5      | Found a sparkling altar of Nemelex Xobeh.
  4981 | D:5      | Noticed Edmund
  5000 | D:5      | Killed Edmund
  5070 | D:5      | Reached skill level 8 in Conjurations
  5200 | D:5      | Noticed Blork the orc
  5242 | D:5      | Killed Blork the orc
  5398 | D:5      | Found a staircase to the Ecumenical Temple.
  5407 | Temple   | Entered the Ecumenical Temple
  5449 | Temple   | Became a worshipper of Vehumet
  5662 | D:5      | Found a shattered altar of Ashenzari.
  5689 | D:5      | Got an encrusted hand axe
  5987 | D:5      | Identified the cursed +2 hand axe of the Lame Duck {chaos, rElec} (You found it on level 5 of the Dungeon)
  6285 | D:6      | Found a bloodstained altar of Trog.
  6466 | D:6      | Reached skill level 9 in Conjurations
  6519 | D:6      | You fall through a shaft for 3 floors!
  6519 | D:9      | Noticed a two-headed ogre
  6519 | D:9      | Noticed dricus's ghost (journeyman FoAK)
  6536 | D:9      | Reached XP level 9. HP: 10/45 MP: 19/23
  6639 | D:9      | Noticed a troll
  6646 | D:10     | Entered Level 10 of the Dungeon
  6646 | D:10     | Found Ogeomodgh's Distillery.
  6648 | D:9      | Slain by a troll

Vault maps used:
D:1:      lightli_arrival_isolated_outpost
D:2:      makhleb_altar_promises_db, serial_co_window_serial,
          co_window_corner_a, co_window_paths_a, co_window_of_opportunity_a,
          co_window_corner_a, co_window_paths_a, co_window_broadway_c,
          co_window_broadway_b, co_window_corner_b, co_window_unsneaky_path_e,
          co_window_unsneaky_path_e, co_window_unsneaky_path_e,
          co_window_paths_c, glass_columns_c, glass_columns_a, glass_columns_c,
          hex_intersection
D:3:      lemuel_crystal_altar, led_sif_book
D:4:      wad_lake_hut, first_ration, kennysheep_generic_room_15
D:5:      elyvilon_altar_4, old_standard_altar, nicolae_overflow_hidden_temple,
          minmay_temple_entry_water_ring, nicolae_ossuary_entry_false_entrances,
          nemelex_xobeh_ov_fountains_minmay, uniq_edmund, uniq_sigmund,
          uniq_blork_the_orc
D:6:      kennysheep_mini_moat, old_standard_altar, minmay_misc_feat_iff,
          kennysheep_crisscross
D:9:      fedhas_altar_4, kennysheep_mini, uniq_erica, uniq_grum
D:10:     erik_lair_dragon, serial_shops,
          nicolae_shop_temple_entry_statues_fountains
Temple:   jpeg_temple_alley_garden
Ossuary:  minmay_ossuary_two_tombs

Skill      XL: |  1  2  3  4  5  6  7  8 |
---------------+-------------------------+-----
Conjurations   | 2 3 4 5 7 9 |  9.3
Spellcasting   | 4 5 6 8 |  8.3
Fire Magic     | 4 5 6 7 |  7.3
Dodging        | |  2.4
Stealth        | |  2.4

Action                   |  1- 3 |  4- 6 |  7- 9 || total
-------------------------+-------+-------+-------++-------
Melee: Staff             |       |       |     3 ||     3
 Cast: Flame Tongue      |    40 |    66 |   255 ||   361
       Conjure Flame     |       |     3 |     3 ||     6
       Sticky Flame      |       |       |     3 ||     3
  Use: Scroll            |       |       |    18 ||    18
  Eat: Chunk             |     2 |     4 |     8 ||    14
       Ration            |       |       |     1 ||     1
Armor: Robe              |     1 |       |    22 ||    23
Dodge: Dodged            |     8 |     6 |    50 ||    64

Table legend:
 A = Spawn XP
 B = Non-spawn XP
 C = Spawn XP percentage of total XP
 D = Spawn monster count
 E = Non-spawn monster count
 F = Spawn count percentage of total count
 G = Total turns spent on level
                    A         B        C        D         E        F      G
               +---------+---------+-------+---------+---------+-------+---------
         Total |       0 |    2989 |   0.0 |       0 |     139 |   0.0 |  6648
               +---------+---------+-------+---------+---------+-------+---------
           D:1 |       0 |      17 |   0.0 |       0 |      10 |   0.0 |   726
           D:2 |       0 |      70 |   0.0 |       0 |      10 |   0.0 |   819
           D:3 |       0 |     235 |   0.0 |       0 |      24 |   0.0 |   839
           D:4 |       0 |     422 |   0.0 |       0 |      11 |   0.0 |  1026
           D:5 |       0 |    1006 |   0.0 |       0 |      33 |   0.0 |  1508
           D:6 |       0 |     470 |   0.0 |       0 |       9 |   0.0 |   505
           D:9 |       0 |     304 |   0.0 |       0 |       3 |   0.0 |   127
       Ossuary |       0 |     465 |   0.0 |       0 |      39 |   0.0 |  1020
               +---------+---------+-------+---------+---------+-------+---------
